 Dungeon Crawl Stone Soup version 0.20.1-1-g8b1a95d (webtiles) character file.

10963 Jukra the Cleaver (level 11, -10/80 HPs)
             Began as a Minotaur Berserker on Sept 3, 2017.
             Was a High Priest of Trog.
             Hit by a large rock thrown by a stone giant (20 damage)
             ... on level 2 of the Orcish Mines.
             The game lasted 00:41:46 (7330 turns).

Jukra the Cleaver (Minotaur Berserker)              Turns: 7330, Time: 00:41:47

Health: -10/80     AC: 12    Str: 30    XL:     11   Next: 43%
Magic:  0/10       EV: 10    Int:  4    God:    Trog [*****.]
Gold:   638        SH: 10    Dex: 11    Spells: 10/10 levels left

rFire    + . .     SeeInvis +   N - +8 war axe of Zowk {chop, rN+ Str+4 SInv}
rCold    . . .     Gourm    .   j - +0 shield
rNeg     + . .     Faith    .   G - +2 scale mail {rF+}
rPois    .         Spirit   +   (helmet restricted)
rElec    .         Reflect  .   f - scarf {Spirit}
rCorr    .         Harm     .   V - +0 pair of gloves
MR       .....                  (no boots)
Stlth    ..........             h - amulet of regeneration
Regen    0.7/turn               K - ring of flight
MPRegen  0.2/turn               (no ring)

@: no status effects
A: retaliatory headbutt, horns 2, frail 2, strong 1
a: Berserk, Trog's Hand, Brothers in Arms, Burn Spellbooks, Renounce Religion,
Evoke Flight


You were on level 2 of the Orcish Mines.
You worshipped Trog.
Trog was extremely pleased with you.
You were very full.

You visited 3 branches of the dungeon, and saw 13 of its levels.

You collected 638 gold pieces.

Inventory:

Hand Weapons
 a - a +0 hand axe
 k - a +3 flail of crushing
 q - a +2 dire flail of freezing
 t - a +5 trident
 B - a +2 mace of protection
 F - a +1 flail of pain
 H - a +1 whip of freezing
 J - a +2 hunting sling of freezing
 L - a +1 flail of protection
 M - a cursed +6 mace of freezing
 N - the +8 war axe of Zowk (weapon) {chop, rN+ Str+4 SInv}
   (You found it on level 8 of the Dungeon)

   It inflicts extra damage upon your enemies.
   It affects your strength (+4).
   It protects you from negative energy.
   It lets you see invisible.
 P - the +5 dagger "Spiderbane" {elec, +Inv rPois}
   (You found it on level 8 of the Dungeon)

   Occasionally, upon striking a foe, it will discharge some electrical energy
   and cause terrible harm.
   It protects you from poison.
   It lets you turn invisible.
 Q - a +4 scimitar of flaming
 X - a +0 trident of flaming
Missiles
 S - 5 curare-tipped needles (quivered)
 W - 4 needles of confusion
Armour
 f - a scarf of spirit shield (worn)
 j - a +0 shield (worn)
 n - a +0 plate armour
 o - a +0 chain mail
 r - a +0 plate armour
 y - a +0 cloak
 G - a +2 scale mail of fire resistance (worn)
 I - a -1 robe
 R - a +1 robe
 U - a +0 cloak
 V - a +0 pair of gloves (worn)
Magical Staves
 A - an uncursed staff of fire
Jewellery
 h - an amulet of regeneration (around neck)
 K - a ring of flight (left hand)
Wands
 b - a wand of flame (38/48)
 l - a wand of confusion (48/48)
 w - a wand of digging (12/24)
 z - a wand of confusion (35/48)
 O - a wand of acid (2/15)
 T - a wand of iceblast (7/15)
Scrolls
 i - 5 scrolls of remove curse
 p - 2 scrolls of teleportation
 s - 2 scrolls of recharging
 x - a scroll of blinking
 D - a scroll of silence {unknown}
Potions
 d - 2 potions of heal wounds
 e - a potion of might
 g - a potion of haste
 u - a potion of resistance
 v - 3 potions of curing
 C - 2 potions of brilliance
 E - a potion of magic
Comestibles
 c - 9 bread rations
 m - 2 meat rations


   Skills:
 * Level 10.6 Fighting
 * Level 11.2(13.0) Axes
 - Level 11.1(12.9) Maces & Flails
 * Level 10.1 Armour
 + Level 4.7 Dodging
 * Level 3.2 Shields


You had 10 spell levels left.
You didn't know any spells.

Dungeon Overview and Level Annotations

Branches:
Dungeon (10/15)            Temple (1/1) D:6             Orc (2/2) D:10
   Lair: D:8-11         Elf: Orc:2

Altars:
Ashenzari
Cheibriados
Dithmenos
Elyvilon
Fedhas
Gozag
Hepliaklqana
Kikubaaqudgha
Makhleb
Nemelex Xobeh
Okawaru
Qazlal
Ru
Sif Muna
Trog
Uskayaw
Vehumet
Xom
Yredelemnul
Zin
The Shining One

Shops:
D:10 :


Innate Abilities, Weirdness & Mutations

You reflexively headbutt those who attack you in melee.
You have a pair of horns on your head.
You are very frail. (-20% HP)
Your muscles are strong. (Str +2)


Message History

You block the orc warrior's attack. The stone giant hits you!!
* * * LOW HITPOINT WARNING * * *
The orc warrior throws a tomahawk.
You block the tomahawk.
Items here: ( )) † a tomahawk; a hand axe; a giant club; an ogre corpse You hit the stone giant.
The stone giant is lightly wounded.
The stone giant barely misses you.
The orc warrior hits you but does no damage.
The orc warrior throws a tomahawk.
The tomahawk barely misses you.
The stone giant throws a large rock.
The large rock hits you!
* * * LOW HITPOINT WARNING * * *
The orc warrior hits you but does no damage.
You block the orc warrior's attack.
There is a stone staircase leading up, spattered with blood here.
Things that are here:
a large rock; a glowing broad axe {god gift} The stone giant throws a large rock.
The large rock hits you!!
You die...

#.$...###...##
.......#.....
............##
.............#
.............#
............#
........C...##
..(....()o...#
##......@o..##
.............#
.............#
..##........##
. ...........#
............#
...........##
............


You could see a stone giant and 2 orc warriors.

Vanquished Creatures
  Erica (D:8)
  A two-headed ogre (D:9)
  Pikel (D:5)
  An orc knight (Orc:2)
  Maurice (D:8)
  A merfolk (D:10)
  2 trolls
  Prince Ribbit (D:7)
  14 yaks
  A wyvern (D:7)
  A steam dragon (D:8)
  2 hungry ghosts
  Menkaure (D:6)
  Edmund (D:5)
  Duvessa (D:6)
  A sky beast (D:5)
  5 orc warriors
  3 ogres
  3 phantoms
  A centaur (D:5)
  The ghost of dasa the Chiller, an amateur OpIE (D:3)
  A big kobold (D:8)
  The ghost of FollowTheCloud the Magician, an amateur DEFE (D:5)
  4 bullfrogs
  Dowan (D:6)
  A wyvern skeleton (D:10)
  4 scorpions
  11 killer bees
  5 wights (D:10)
  A howler monkey (D:6)
  3 crimson imps
  3 centaur zombies
  A bullfrog zombie (D:10)
  3 jellies
  9 orc priests
  2 hounds
  14 orc wizards
  Crazy Yiuf (D:6)
  3 bullfrog skeletons
  2 centaur skeletons
  Natasha (thrice) (D:3)
  Terence (D:2)
  2 iguanas
  7 worker ants
  A hound zombie (D:8)
  Robin (D:2)
  A howler monkey zombie (D:6)
  8 gnolls (D:2)
  11 adders
  A howler monkey skeleton (D:5)
  A shadow imp (D:7)
  An adder skeleton (D:5)
  3 worms
  2 dart slugs (D:1)
  5 leopard geckos
  44 orcs
  7 bats
  3 giant cockroaches
  18 goblins
  7 hobgoblins
  6 jackals
  4 quokkas
  A ball python (D:1)
  8 frilled lizards
  10 kobolds
  3 leopard gecko skeletons
  A quokka zombie (D:6)
  5 rats
279 creatures vanquished.

Vanquished Creatures (others)
  An orc wizard (D:6)
  An orc (D:5)
  A plant (D:10)
3 creatures vanquished.

Grand Total: 282 creatures vanquished

Notes
Turn   | Place    | Note
-------+----------+-------------------------------------------
     0 | D:1      | Jukra the Minotaur Berserker began the quest for the Orb.
     0 | D:1      | Reached XP level 1. HP: 19/19 MP: 0/0
   188 | D:1      | Reached XP level 2. HP: 27/27 MP: 1/1
   884 | D:2      | Reached XP level 3. HP: 33/33 MP: 2/2
   892 | D:2      | Found an ancient bone altar of Kikubaaqudgha.
   896 | D:2      | Reached XP level 4. HP: 24/41 MP: 0/3
   982 | D:2      | Noticed Robin
   983 | D:2      | Noticed Terence
   987 | D:2      | Reached ** piety under Trog
   997 | D:2      | Killed Terence
   997 | D:2      | Reached skill level 5 in Axes
  1001 | D:2      | Killed Robin
  1123 | D:2      | Reached XP level 5. HP: 43/47 MP: 4/4
  1319 | D:3      | Noticed Natasha
  1331 | D:3      | Killed Natasha
  1331 | D:3      | Reached skill level 5 in Fighting
  1425 | D:3      | Reached *** piety under Trog
  1428 | D:3      | Noticed Natasha
  1432 | D:3      | Reached skill level 1 in Maces & Flails
  1435 | D:3      | Killed Natasha
  1435 | D:3      | Reached XP level 6. HP: 39/56 MP: 2/5
  1455 | D:3      | Noticed dasa's ghost (amateur OpIE)
  1461 | D:3      | Killed dasa's ghost
  1772 | D:3      | Received a gift from Trog
  1793 | D:3      | Reached XP level 7. HP: 61/63 MP: 6/6
  1895 | D:3      | Noticed Natasha
  1904 | D:3      | Killed Natasha
  2068 | D:4      | Reached **** piety under Trog
  2088 | D:4      | Reached skill level 5 in Maces & Flails
  2088 | D:4      | Reached skill level 5 in Armour
  2297 | D:4      | Found a burning altar of Makhleb.
  2686 | D:5      | Entered Level 5 of the Dungeon
  2734 | D:5      | Gained mutation: Your muscles are strong. (Str +2) [mutagenic meat]
  2735 | D:5      | Gained mutation: You are frail. (-10% HP) [mutagenic meat]
  2736 | D:5      | Gained mutation: You are very frail. (-20% HP) [mutagenic meat]
  2796 | D:5      | Reached XP level 8. HP: 55/56 MP: 7/7
  2814 | D:5      | Noticed FollowTheCloud's ghost (amateur DEFE)
  2818 | D:5      | Noticed Edmund
  2818 | D:5      | Killed FollowTheCloud's ghost
  2831 | D:5      | Killed Edmund
  3011 | D:5      | Found an opulent altar of Gozag.
  3038 | D:5      | Noticed Pikel
  3038 | D:5      | Found a blossoming altar of Fedhas.
  3048 | D:5      | Killed Pikel
  3192 | D:5      | Reached XP level 9. HP: 63/63 MP: 8/8
  3628 | D:6      | Noticed Duvessa
  3630 | D:6      | Noticed Dowan
  3635 | D:6      | Killed Duvessa
  3638 | D:6      | Killed Dowan
  3658 | D:6      | Found a staircase to the Ecumenical Temple.
  3716 | Temple   | Entered the Ecumenical Temple
  3983 | D:6      | Noticed Menkaure
  3992 | D:6      | Killed Menkaure
  3992 | D:6      | Reached skill level 10 in Maces & Flails
  3999 | D:6      | Reached ***** piety under Trog
  4426 | D:6      | Found a runed door.
  4430 | D:6      | Noticed Crazy Yiuf
  4434 | D:6      | Killed Crazy Yiuf
  4546 | D:6      | Found a burning altar of Makhleb.
  4646 | D:6      | Found a snail-covered altar of Cheibriados.
  4648 | D:6      | Found a sacrificial altar of Ru.
  4654 | D:6      | Found an opulent altar of Gozag.
  4656 | D:6      | Found a deep blue altar of Sif Muna.
  4656 | D:6      | Found a sparkling altar of Nemelex Xobeh.
  4662 | D:6      | Found a shadowy altar of Dithmenos.
  4663 | D:6      | Found a bloodstained altar of Trog.
  4664 | D:6      | Found a radiant altar of Vehumet.
  4669 | D:6      | Found an iron altar of Okawaru.
  4785 | D:7      | Noticed Prince Ribbit
  4788 | D:7      | Killed Prince Ribbit
  5143 | D:7      | You fall through a shaft!
  5186 | D:8      | Got an ancient war axe
  5187 | D:8      | Identified the +8 war axe of Zowk {chop, rN+ Str+4 SInv} (You found it on level 8 of the Dungeon)
  5256 | D:8      | Got a warped dagger
  5257 | D:8      | Identified the +5 dagger "Spiderbane" {elec, +Inv rPois} (You found it on level 8 of the Dungeon)
  5300 | D:8      | Noticed Erica
  5308 | D:8      | Killed Erica
  5308 | D:8      | Received a gift from Trog
  5308 | D:8      | Reached XP level 10. HP: 47/72 MP: 9/9
  5399 | D:8      | Noticed Maurice
  5407 | D:8      | Killed Maurice
  5751 | D:9      | Found an iron altar of Okawaru.
  5761 | D:9      | Noticed a two-headed ogre
  5769 | D:9      | Killed a two-headed ogre
  5937 | D:9      | Found a sparkling altar of Nemelex Xobeh.
  5983 | D:9      | Reached skill level 10 in Fighting
  6043 | D:9      | Reached skill level 1 in Shields
  6047 | D:9      | Reached XP level 11. HP: 72/79 MP: 8/10
  6050 | D:9      | Reached skill level 10 in Axes
  6490 | D:10     | Entered Level 10 of the Dungeon
  6498 | D:10     | Found Turopn's Book Shop.
  6808 | D:10     | Reached skill level 10 in Armour
  7143 | D:10     | Found a staircase to the Orcish Mines.
  7151 | D:10     | Received a gift from Trog
  7178 | Orc:1    | Entered Level 1 of the Orcish Mines
  7317 | Orc:2    | Entered Level 2 of the Orcish Mines
  7317 | Orc:2    | Noticed an orc knight
  7322 | Orc:2    | Noticed a stone giant
  7326 | Orc:2    | Killed an orc knight
  7326 | Orc:2    | Received a gift from Trog
  7330 | Orc:2    | Hit by a large rock thrown by a stone giant

Skill      XL: |  1  2  3  4  5  6  7  8  9 10 11 |
---------------+----------------------------------+-----
Axes           | 4 5 6 9 11 | 11.2
Fighting       | 4 5 6 7 8 10 | 10.6
Armour         | 3 4 5 7 8 9 10 | 10.1
Maces & Flails | 1 3 6 9 11 | 11.1
Dodging        | 3 4 |  4.7
Shields        | 1 3 |  3.2

Action                   |  1- 3 |  4- 6 |  7- 9 | 10-12 || total
-------------------------+-------+-------+-------+-------++-------
Melee: Hand axe          |    56 |    45 |       |       ||   101
       Headbutt          |     9 |    23 |    48 |    35 ||   115
       Flail             |       |    77 |   267 |       ||   344
       War axe           |       |       |    12 |   202 ||   214
Invok: Burn Spellbooks   |       |       |     2 |     1 ||     3
  Use: Scroll            |       |     5 |    14 |     1 ||    20
       Potion            |       |     5 |     4 |     1 ||    10
  Eat: Bread ration      |       |     1 |       |       ||     1
       Chunk             |       |       |     8 |       ||     8
       Royal jelly       |       |       |     2 |     2 ||     4
       Fruit             |       |       |       |     8 ||     8
       Meat ration       |       |       |       |     1 ||     1
Armor: Animal skin       |     7 |       |       |       ||     7
       Ring mail         |     6 |    48 |     7 |       ||    61
       Chain mail        |       |       |    29 |       ||    29
       Scale mail        |       |       |    57 |    52 ||   109
Dodge: Dodged            |    42 |    76 |   119 |    78 ||   315
Block: Shield            |       |       |       |    84 ||    84
